Map: Dédale EC

Players

HoldTheDoor

  • Race: Protoss Protoss
  • League: Diamond
  • Spawn Location: 1:00

manbearpigDK - Winner!

  • Race: Terran Terran
  • League: Diamond
  • Spawn Location: 7:00

VOD

Have the link to the VOD?

Description

Time

  • Played on: July 4, 2018, 12:35 p.m.
  • Length: 14:41
Show
View Real Time Build Order
Export as new Build Order

HoldTheDoor Protoss 

Build Orders: Double Forge 

Get SALT Encoding   

  12  0:01  Probe  
  13  0:13  Probe  
  14  0:19  Pylon  
  14  0:25  Probe  
  15  0:37  Probe, Gateway  
  16  0:45  Probe  
  16  0:47  Assimilator  
  17  0:53  Assimilator, Probe  
  17  1:04  Probe  
  19  1:16  Probe  
  20  1:24  Cybernetics Core  
  20  1:28  Probe  
  20  1:32  Pylon  
  21  1:40  Probe  
  22  1:47  Warp Gate  
  22  1:52  Probe  
  23  2:02  Nexus  
  23  2:04  Stalker  
  25  2:11  Probe  
  26  2:23  Probe  
  26  2:25  Pylon  
  27  2:34  Stalker  
  29  2:39  Probe  
  30  2:45  Pylon  
  30  2:52  Robotics Facility  
  30  2:54  Probe  
  31  3:06  Stalker  
  31  3:08  Probe  
  34  3:19  Probe  
  35  3:20  Probe  
  36  3:31  Probe  
  36  3:33  Observer, Probe  
  38  3:39  Pylon  
  39  3:50  Stalker  
  39  3:53  Probe x2  
  43  3:56  Assimilator  
  43  4:00  Pylon  
  43  4:07  Forge  
  43  4:09  Forge  
  43  4:11  Immortal  
  43  4:15  Probe x2  
  49  4:18  Stalker  
  51  4:27  Protoss Ground Armor Level 1  
  51  4:28  Gateway  
  51  4:30  Gateway  
  51  4:31  Probe x2  
  53  4:42  Protoss Shields Level 1  
  53  4:43  Probe x2  
  53  4:45  Assimilator  
  55  4:55  Probe  
  55  4:58  Immortal  
  60  5:09  Probe  
  61  5:16  Stalker  
  61  5:29  Stalker x2  
  65  5:37  Immortal  
  65  5:42  Pylon  
  64  5:46  Stalker, Pylon  
  64  5:49  Pylon  
  70  5:52  Pylon  
  70  5:54  Probe  
  70  5:57  Probe  
  72  5:58  Photon Cannon  
  72  6:09  Stargate  
  72  6:11  Photon Cannon  
  72  6:13  Stalker x3  
  78  6:29  Photon Cannon  
  78  6:32  Photon Cannon  
  78  6:34  Pylon  
  78  6:37  Photon Cannon  
  78  6:39  Pylon  
  78  6:40  Probe x2  
  78  6:42  Photon Cannon  
  80  6:53  Phoenix  
  80  6:55  Photon Cannon  
  80  6:57  Protoss Ground Weapons Level 1  
  80  7:05  Photon Cannon  
  82  7:09  Twilight Council  
  82  7:21  Photon Cannon  
  82  7:23  Pylon  
  68  7:38  Stalker x3  
  68  7:41  Probe x2  
  70  7:44  Charge  
  70  7:51  Immortal, Void Ray  
  74  8:01  Robotics Bay  
  78  8:06  Probe x2  
  80  8:18  Probe x2  
  82  8:23  Zealot  
  82  8:24  Zealot x2  
  88  8:31  Gateway  
  88  8:33  Gateway  
  88  8:34  Assimilator  
  88  8:36  Pylon, Gateway  
  88  8:37  Probe  
  88  8:38  Probe  
  90  8:45  Immortal  
  94  8:59  Protoss Ground Armor Level 2  
  94  9:03  Nexus  
  94  9:07  Zealot x2  
  98  9:11  Zealot  
  98  9:16  Extended Thermal Lance  
  100  9:22  Colossus  
  106  9:43  Pylon  
  106  9:46  Pylon  
  106  9:52  Photon Cannon x2  
  106  9:56  Shield Battery  
  106  9:59  Probe x2  
  108  10:10  Void Ray  
  108  10:11  Probe  
  113  10:21  Assimilator  
  113  10:25  Photon Cannon x2  
  113  10:29  Shield Battery  
  113  10:33  Pylon  
  113  10:35  Zealot  
  113  10:36  Zealot  
  113  10:40  Protoss Ground Weapons Level 2  
  115  10:43  Colossus  
  113  10:52  Void Ray  
  119  11:00  Protoss Shields Level 2  
  123  11:09  Probe  
  123  11:10  Probe  
  126  11:11  Probe  
  126  11:24  Templar Archives  
  126  11:25  Pylon  
  126  11:26  Protoss Air Armor Level 1  
  126  11:29  Zealot x2  
  126  11:31  Pylon  
  126  11:32  Sentry x2  
  134  11:33  Pylon  
  134  11:34  Probe  
  134  11:35  Probe  
  136  11:46  Colossus  
  136  11:55  Void Ray  
  136  11:58  Pylon  
  146  12:03  High Templar x4  
  146  12:07  Archon x2  
  154  12:12  Nexus  
  154  12:16  Assimilator  
  154  12:19  Pylon  
  154  12:23  Pylon  
  154  12:26  High Templar x2  
  158  12:30  Archon  
  158  12:37  Probe  
  158  12:39  Immortal  
  158  12:42  Void Ray  
  167  13:06  Zealot x2  
  167  13:07  Zealot x4  
  179  13:14  Probe  
  179  13:19  Photon Cannon  
  180  13:21  Photon Cannon  
  180  13:23  Shield Battery  
  180  13:28  Photon Cannon  
  180  13:31  Photon Cannon  
  180  13:34  Shield Battery  
  180  13:35  Probe x2  
  180  13:37  Assimilator  
  180  13:39  Probe  
  183  13:52  High Templar x6  
  195  13:57  Archon x3  
  195  14:11  Pylon  
  195  14:23  Pylon  
  167  14:27  Pylon  
Show
View Real Time Build Order
Export as new Build Order

manbearpigDK Terran - Winner!

Build Orders: MMM Bio 

Get SALT Encoding   

  12  0:03  SCV  
  13  0:15  SCV  
  14  0:22  Supply Depot  
  14  0:28  SCV  
  15  0:35  Refinery  
  15  0:44  SCV  
  15  0:45  Barracks  
  16  0:56  SCV  
  17  1:08  SCV  
  18  1:20  SCV  
  20  1:34  Orbital Command  
  20  1:35  Marine  
  20  1:40  Supply Depot  
  20  1:51  Command Center  
  20  1:54  Marine  
  21  2:03  SCV  
  22  2:12  Marine  
  23  2:24  Factory  
  23  2:26  SCV  
  24  2:30  Marine  
  25  2:46  Supply Depot  
  25  2:48  Marine  
  26  2:54  SCV  
  27  3:05  Orbital Command, Marine  
  27  3:06  SCV  
  27  3:07  Barracks  
  27  3:09  Barracks  
  27  3:10  Factory Reactor  
  29  3:14  Starport  
  29  3:18  SCV  
  30  3:23  Marine  
  30  3:24  Orbital Command  
  30  3:25  Refinery  
  31  3:40  SCV  
  32  3:41  Marine  
  35  3:48  Hellion  
  35  3:49  Hellion  
  35  3:52  Medivac  
  39  3:59  SCV x2  
  41  4:06  Barracks Tech Lab x2  
  41  4:10  Hellion x2  
  41  4:11  SCV x2  
  41  4:15  Supply Depot  
  47  4:19  Barracks Reactor  
  47  4:32  Combat Shield  
  47  4:34  Marauder  
  47  4:35  Marauder  
  51  4:41  SCV x2  
  53  4:47  Stimpack  
  53  4:53  SCV  
  53  4:54  SCV  
  53  4:57  Supply Depot  
  53  5:01  Engineering Bay, Factory Tech Lab  
  53  5:05  SCV  
  53  5:06  SCV  
  55  5:18  SCV x2  
  57  5:30  SCV x2  
  57  5:43  Marauder x2, Marine x2  
  59  5:51  SCV x2  
  59  5:52  Supply Depot  
  59  5:54  Supply Depot x2  
  59  5:55  Refinery  
  61  5:57  Refinery, Medivac x2  
  61  6:01  Marine x2  
  61  6:03  SCV x2, Marine  
  70  6:11  Supply Depot  
  70  6:13  Engineering Bay  
  70  6:14  Marauder  
  70  6:15  SCV  
  70  6:16  Armory, Supply Depot  
  70  6:17  Supply Depot  
  73  6:22  Marauder  
  75  6:27  SCV  
  75  6:32  Medivac  
  78  6:35  Marine  
  78  6:36  Marauder, Marine  
  78  6:39  SCV  
  83  6:43  Marauder  
  85  6:53  Marine  
  86  6:54  Terran Infantry Weapons Level 1, Terran Infantry Armor Level 1  
  86  7:02  Command Center  
  86  7:04  Barracks  
  86  7:05  Marauder x2, Marine  
  86  7:06  Barracks  
  91  7:11  Marine  
  92  7:23  Marine  
  72  7:48  Supply Depot  
  72  7:49  Supply Depot  
  72  7:50  Supply Depot x2  
  72  7:51  SCV x2  
  73  7:57  Barracks, Barracks Reactor  
  74  7:58  Barracks Tech Lab  
  74  8:00  Medivac x2  
  74  8:03  SCV x2  
  80  8:15  SCV x2  
  82  8:23  Orbital Command  
  82  8:27  SCV x2  
  82  8:31  Marauder x3, Marine  
  82  8:32  Marine  
  92  8:35  Medivac x2  
  92  8:39  SCV, Terran Vehicle Weapons Level 1  
  97  8:43  Supply Depot  
  97  8:46  Marine x2  
  100  8:49  Marine x2  
  100  8:52  Marauder x3  
  108  9:02  Barracks Reactor  
  107  9:04  Marine x2  
  107  9:06  Supply Depot  
  107  9:07  Marine x2  
  107  9:08  SCV x3  
  114  9:13  Marine x3  
  114  9:16  Terran Infantry Armor Level 2, Terran Infantry Weapons Level 2  
  117  9:19  Starport  
  117  9:20  SCV x3  
  117  9:22  Marine  
  121  9:31  Marauder, Supply Depot  
  123  9:39  Marine x4  
  123  9:40  Marine x4  
  123  9:42  SCV  
  123  9:43  SCV  
  133  9:52  Marine  
  134  9:53  Supply Depot  
  134  9:56  Marine  
  134  9:57  Starport Tech Lab, Marine x3  
  134  9:58  Marauder x2  
  142  10:01  Fusion Core  
  142  10:04  Marine x2  
  144  10:11  Marauder  
  146  10:14  Marine  
  146  10:16  Refinery  
  146  10:19  Refinery  
  146  10:20  Marauder x2  
  151  10:27  Supply Depot  
  151  10:31  Marine x5  
  151  10:32  Marine, Command Center  
  151  10:34  Marine  
  158  10:41  Marine  
  158  10:42  Liberator x3  
  143  10:51  Supply Depot  
  143  10:56  Advanced Ballistics  
  143  11:01  Terran Ship Weapons Level 1  
  152  11:15  Supply Depot  
  152  11:20  SCV x3  
  152  11:25  Liberator  
  155  11:32  Supply Depot, SCV x2  
  156  11:33  Supply Depot  
  156  11:35  Terran Infantry Weapons Level 3  
  156  11:38  Terran Infantry Armor Level 3  
  157  11:46  Refinery, Planetary Fortress  
  160  11:55  Supply Depot  
  160  11:57  Liberator x2  
  160  12:05  Refinery  
  160  12:08  Liberator  
  166  12:18  Supply Depot  
  169  12:40  Liberator x2  
  169  12:51  Liberator  
  169  12:56  Supply Depot  
  175  13:07  Missile Turret  
  178  13:14  Missile Turret  
  178  13:16  Missile Turret  
  178  13:22  Marine x2  
  178  13:23  Marauder x3, Liberator, Marine x3  
  178  13:24  Liberator, Marine  
  190  13:27  Barracks  
  190  13:40  Marine x2  
  190  13:41  Marine x2  
  200  14:14  Barracks  
Tags
 
Composition
MMM Bio
Matchup
PvT
Spawn Locations
Cross Positions
Add a new tag
Caveats
  • Supply blocks, unpowered buildings, or Contaminate may cause inaccurate times.
  • Supply counts are checked every 10 seconds.